 Dungeon Crawl Stone Soup version 0.27-a0-277-g024f7ef292 (webtiles) character file.

Game seed: 9723333135354260464

6313 siradein the Cleaver (level 10, -8/77 HPs)
             Began as a Ghoul Fighter on Feb 6, 2021.
             Was a Follower of Yredelemnul.
             Mangled by a troll (14 damage)
             ... on level 9 of the Dungeon.
             The game lasted 00:24:51 (9571 turns).

siradein the Cleaver (Ghoul Fighter)                Turns: 9571, Time: 00:24:51

Health: -8/77      AC: 13    Str: 22    XL:     10   Next: 95%
Magic:  18/18      EV:  6    Int:  3    God:    Yredelemnul [*.....]
Gold:   611        SH: 14    Dex: 10    Spells: 9/9 levels left

rFire    + + .     SeeInvis .   b - +3 hand axe (vorpal)
rCold    . . .     Faith    .   c - +0 kite shield
rNeg     + + +     Spirit   .   C - +0 fire dragon scales
rPois    ∞         Reflect  +   a - +2 helmet "Poreilodut" {Stlth+}
rElec    .         Harm     .   t - +0 cloak
rCorr    .         Rampage  .   (no gloves)
Will     +....                  (no boots)
Stlth    ..........             n - amulet of reflection
HPRegen  0.00/turn              x - ring of willpower
MPRegen  0.16/turn              q - ring of magical power

@: no status effects
A: claws 1, cold resistance 1, negative energy resistance 3, inhibited
regeneration, torment resistance, unbreathing
a: Renounce Religion, Animate Remains


You were on level 9 of the Dungeon.
You worshipped Yredelemnul.
Yredelemnul was aware of your devotion.
You visited 2 branches of the dungeon, and saw 10 of its levels.
You also visited: Sewer.

You collected 611 gold pieces.

Inventory:

Hand Weapons
 b - a +3 vorpal hand axe (weapon)
Armour
 a - the +2 helmet "Poreilodut" (worn) {Stlth+}
   (You took it off Robin on level 3 of the Dungeon)

   It makes you more stealthy.
 c - a +0 kite shield (worn)
 t - a +0 cloak (worn)
 C - +0 fire dragon scales (worn)
Jewellery
 n - an amulet of reflection (around neck)
 q - a ring of magical power (right claw)
 x - a ring of willpower (left claw)
Wands
 f - a wand of polymorph (12)
 o - a wand of flame (22)
 p - a wand of acid (6)
 w - a wand of paralysis (11)
 A - a wand of charming (8)
Scrolls
 g - 2 scrolls of noise {unknown}
 h - a scroll of torment {unknown}
 i - 2 scrolls of remove curse
 k - 2 scrolls of fog {unknown}
 l - 9 scrolls of teleportation {unknown}
 m - 2 scrolls of blinking {unknown}
 u - 3 scrolls of magic mapping {unknown}
 y - a scroll of acquirement {unknown}
 z - a scroll of immolation {unknown}
 B - a scroll of enchant armour
Potions
 d - a potion of might
 e - a potion of attraction
 j - 4 potions of heal wounds
 r - 6 potions of curing {unknown}
 v - 2 potions of brilliance


   Skills:
 - Level 3.2 Fighting
 + Level 14.3 Axes
 - Level 2.6 Armour
 - Level 2.6 Shields


You had 9 spell levels left.
You didn't know any spells.
Your spell library contained the following spells:

 Spells                   Type           Power        Failure   Level
 Freeze                   Ice            0%           100%        1
 Magic Dart               Conj           0%           100%        1
 Shock                    Conj/Air       0%           100%        1
 Poisonous Vapours        Pois/Air       0%           100%        2
 Frozen Ramparts          Ice            0%           100%        3
 Ozocubu's Armour         Ice            0%           100%        3
 Static Discharge         Conj/Air       0%           100%        3
 Fulminant Prism          Conj/Hex       0%           100%        4
 Hailstorm                Conj/Ice       0%           100%        4
 Sticky Flame             Conj/Fire      0%           100%        4
 Summon Ice Beast         Ice/Summ       0%           100%        4
 Irradiate                Conj/Tmut      0%           100%        5


Dungeon Overview and Level Annotations

Branches:
Dungeon (9/15)             Temple (1/1) D:7           Sewer (visited)
   Lair: D:8-11         Orc: D:9-12

Altars:
Ashenzari
Cheibriados
Dithmenos
Elyvilon
Fedhas
Gozag
Hepliaklqana
Kikubaaqudgha
Makhleb
Nemelex Xobeh
Okawaru
Qazlal
Ru
Sif Muna
Trog
Uskayaw
Vehumet
Wu Jian
Xom
Yredelemnul
Zin
The Shining One

Shops:
D:6 [   D:8 =


Innate Abilities, Weirdness & Mutations

You thrive by killing the living.
You are immune to poison.
You have sharp fingernails.
Your flesh is cold resistant. (rC+)
You are immune to negative energy. (rN+++)
You do not regenerate when monsters are visible.
You are immune to unholy pain and torment.
You can survive without breathing.


Message History

You block the troll's attack.
You hit the troll.
The troll is moderately wounded.
The troll barely misses you. The troll claws you.
* * * LOW HITPOINT WARNING * * *
You block the troll's attack.
You hit the troll.
The troll is heavily wounded.
The troll closely misses you. You block the troll's attack.
The troll claws you!
* * * LOW HITPOINT WARNING * * *
You slash the troll!
The troll is almost dead.
You block the troll's attack. x2; The troll claws you.
* * * LOW HITPOINT WARNING * * *
You barely miss the troll.
The troll is almost dead.
The troll bites you!
You die...
Yredelemnul claims you as an undead slave.

#........#.........##### ...
#......>###.........##.## ...
#......####.............####...
##.#...###.....###.............
###...y....#...###...#........
###..y.........T..###.......
#........>..Y#.## ###.....
##.....##T##..## ##....
#.....##†@†##.# #....
##...##.....#.# ##.##
##.###.....#.# ## ## #.....#.#
##...#### #.....# #.....#
#.....# ##...##


You could see a troll.

Vanquished Creatures
  A two-headed ogre (D:7)
  Pikel (D:7)
  Maggie (D:7)
  A troll (D:9)
  Grinder (D:4)
  3 yaks (D:9)
  Menkaure (D:4)
  A water moccasin (Sewer)
  Duvessa (D:6)
  2 sky beasts
  3 ice beasts
  3 orc warriors
  Purgy (D:4)
  2 ogres
  A centaur (D:6)
  A big kobold (D:7)
  5 bullfrogs
  Dowan (D:6)
  3 scorpions (D:7)
  A water moccasin skeleton (D:9)
  11 killer bees
  3 howler monkeys (D:7)
  9 crimson imps (D:7)
  A quasit (D:7)
  4 hounds
  A bullfrog skeleton (D:7)
  5 orc priests
  Crazy Yiuf (D:3)
  A gnoll shaman (D:7)
  2 jellies
  4 iguanas
  7 orc wizards
  7 worker ants
  2 hound zombies (D:7)
  Robin (D:3)
  12 adders
  4 gnolls (D:7)
  2 shadow imps (D:5)
  2 adder skeletons
  4 worms
  A dart slug (D:1)
  10 leopard geckos
  21 orcs
  4 ball pythons
  6 giant cockroaches
  15 goblins
  6 hobgoblins
  6 jackals
  6 quokkas
  6 bats
  8 frilled lizards
  16 kobolds
  A leopard gecko skeleton (D:4)
  A quokka skeleton (D:4)
  9 rats
  A bush (D:1)
234 creatures vanquished.

Vanquished Creatures (others)
  A human (D:3)
  20 plants
21 creatures vanquished.

Grand Total: 255 creatures vanquished

Notes
Turn   | Place    | Note
-------+----------+-------------------------------------------
     0 | D:1      | siradein the Ghoul Fighter began the quest for the Orb.
     0 | D:1      | Reached XP level 1. HP: 19/19 MP: 0/0
   167 | D:1      | You fall into a shaft and drop 1 floor!
   183 | D:2      | Reached skill level 2 in Axes
   330 | D:2      | Reached XP level 2. HP: 24/26 MP: 1/1
   465 | D:2      | Reached skill level 3 in Axes
   465 | D:2      | Reached XP level 3. HP: 21/31 MP: 2/2
  1077 | D:2      | Found a glowing silver altar of Zin.
  1652 | D:1      | Reached XP level 4. HP: 38/38 MP: 3/3
  2223 | D:3      | Reached skill level 4 in Axes
  2399 | D:3      | Reached XP level 5. HP: 40/45 MP: 4/4
  2537 | D:3      | Reached skill level 5 in Axes
  2776 | D:3      | Reached XP level 6. HP: 42/51 MP: 5/5
  2859 | D:3      | Identified the +2 helmet "Poreilodut" {Stlth+}
  2859 | D:3      | Noticed Robin
  2876 | D:3      | Killed Robin
  2974 | D:3      | Found an ancient bone altar of Kikubaaqudgha.
  2977 | D:3      | Noticed a human
  2979 | D:3      | Killed a human
  2996 | D:3      | Found a runed translucent door.
  2997 | D:3      | Noticed Crazy Yiuf
  3337 | D:3      | Killed Crazy Yiuf
  3563 | D:4      | Found a glowing drain.
  3585 | Sewer    | Entered a sewer
  3670 | Sewer    | Reached skill level 6 in Axes
  3715 | Sewer    | Noticed a water moccasin
  3728 | Sewer    | Killed a water moccasin
  3884 | D:4      | Reached XP level 7. HP: 51/57 MP: 6/6
  3925 | D:4      | Noticed Purgy
  3935 | D:4      | Killed Purgy
  3936 | D:4      | Reached skill level 7 in Axes
  4060 | D:4      | Found a broken altar of Ashenzari.
  4067 | D:4      | Noticed Menkaure
  4084 | D:4      | Killed Menkaure
  4233 | D:4      | Noticed Grinder
  4252 | D:4      | Killed Grinder
  4253 | D:4      | Reached skill level 8 in Axes
  4253 | D:4      | Reached XP level 8. HP: 57/63 MP: 7/7
  4704 | D:5      | Entered Level 5 of the Dungeon
  4718 | D:5      | Reached skill level 9 in Axes
  5216 | D:5      | Found a bloodstained altar of Trog.
  5591 | D:6      | Found an opulent altar of Gozag.
  5792 | D:6      | Reached skill level 10 in Axes
  5922 | D:6      | Noticed Dowan
  5924 | D:6      | Noticed Duvessa
  5945 | D:6      | Killed Duvessa
  5946 | D:6      | Reached XP level 9. HP: 61/70 MP: 8/8
  5951 | D:6      | Killed Dowan
  6102 | D:6      | Found a sacrificial altar of Ru.
  6156 | D:6      | Found Ywkar's Armour Emporium.
  6406 | D:7      | Reached skill level 11 in Axes
  6459 | D:7      | Identified the Disquisition on the Hurtful Birds
  6485 | D:7      | You fall into a shaft and drop 1 floor!
  6949 | D:7      | Reached skill level 12 in Axes
  7040 | D:7      | Found a staircase to the Ecumenical Temple.
  7055 | Temple   | Entered the Ecumenical Temple
  7294 | Temple   | Became a worshipper of Yredelemnul the Dark
  7423 | D:7      | Noticed Pikel
  7449 | D:7      | Killed Pikel
  7450 | D:7      | Reached XP level 10. HP: 68/77 MP: 9/9
  7756 | D:8      | Noticed a two-headed ogre
  7764 | D:8      | Reached * piety under Yredelemnul
  7892 | D:8      | Noticed Maggie
  7917 | D:7      | Killed Maggie
  7918 | D:7      | Reached skill level 13 in Axes
  8490 | D:7      | Killed a two-headed ogre
  9213 | D:8      | Found Geikytez's Jewellery Boutique.
  9463 | D:9      | Found a snail-covered altar of Cheibriados.
  9517 | D:9      | Reached skill level 14 in Axes
  9571 | D:9      | Mangled by a troll

Illustrated notes

Levels and vault maps discovered:
D:1:      dpeg_arrival_houses_and_road, layout_basic, lexackson_kobold_supper
D:2:      cheibrodos_old_hovel, layout_loops_ring, old_standard_altar,
          minmay_pentomino_p4
D:3:      layout_loops_ring, st_stairs_9, tgw_kikubaaqudgha,
          uniq_crazy_yiuf_cottage, uniq_robin
D:4:      layout_gridville, cheibrodos_ashenzari_chains, portal_sewer_entry_b,
          kennysheep_decorative_pillar, uniq_purgy, uniq_menkaure, uniq_grinder
D:5:      layout_gridville, lightli_temple_of_fire, serial_bayou_pond_d
D:6:      layout_loops_ring, nicolae_gozag_cash_rules_everything_around_me,
          kennysheep_mini, serial_shops, nicolae_shop_waterfront,
          grunt_ministairs_15, uniq_duvessa
D:7:      layout_loops_cross, minmay_temple_entry_proselytizer,
          minmay_nine_imps, uniq_pikel
D:8:      layout_cave_pools, serial_shops, nicolae_shop_trees,
          kennysheep_minor_cross, uniq_maggie
D:9:      layout_cave_pools, marbit_many_paths, erik_orc_3, minmay_puff
Temple:   eino_temple_rhombus

Skill      XL: |  1  2  3  4  5  6  7  8  9 10 |
---------------+-------------------------------+-----
Axes           | 2 3 4 5 6 8 10 12 14 | 14.3
Fighting       | |  3.2
Armour         | |  2.6
Shields        | |  2.6

Action                   |  1- 3 |  4- 6 |  7- 9 | 10-12 || total
-------------------------+-------+-------+-------+-------++-------
Melee: War axe           |   185 |   129 |       |       ||   314
       Hand axe          |       |   101 |   409 |   239 ||   749
Evoke: Wand              |       |       |       |     1 ||     1
  Use: Scroll            |       |       |     7 |     4 ||    11
       Potion            |       |       |     3 |     2 ||     5
 Stab: Sleeping          |       |       |     6 |       ||     6
       Distracted        |       |       |       |     1 ||     1
Armor: Scale mail        |    48 |    12 |       |       ||    60
       Chain mail        |       |   104 |    11 |       ||   115
       Troll leather arm |       |       |    81 |    15 ||    96
       Fire dragon scale |       |       |       |    49 ||    49
       Acid dragon scale |       |       |       |    17 ||    17
Dodge: Dodged            |    43 |    48 |    94 |    72 ||   257
Block: Kite shield       |    56 |   180 |   268 |   174 ||   678
       Reflection        |       |     1 |     6 |     1 ||     8

Table legend: (Time is in decaauts)
 A = Elapsed time spent in this place.
 B = Non-inter-level travel time spent in this place.
 C = Inter-level travel time spent in this place.
 D = Time resting spent in this place.
 E = Time spent auto-exploring this place.
 F = Levels seen in this place.
 G = Mean time per level.
                   A        B        C        D        E       F      G
               +--------+--------+--------+--------+--------+-----+--------+
         Total |   9797 |   9569 |    228 |    317 |   6739 |  11 |  890.6 |
       Dungeon |   9254 |   9026 |    228 |    317 |   6397 |   9 | 1028.2 |
        Temple |    255 |    255 |      0 |      0 |    162 |   1 |  255.0 |
         Sewer |    287 |    287 |      0 |      0 |    179 |   1 |  287.0 |
               +--------+--------+--------+--------+--------+-----+--------+

Top non-repeatable levels by time:
     D:7: 1879 daAuts
     D:3: 1403 daAuts
     D:2: 1249 daAuts
     D:1: 1076 daAuts
     D:4: 946 daAuts
     D:6: 894 daAuts
     D:8: 878 daAuts
     D:5: 730 daAuts
   Sewer: 287 daAuts
  Temple: 255 daAuts
     D:9: 196 daAuts
